 Dungeon Sprint DCSS version 0.27-a0-808-g60bc5d92e6 (webtiles) character file.

Game seed: 6536942101204085070

1729 mhtbhm the Basher (level 8, -5/92 HPs)
             Began as a Troll Berserker on Mar 29, 2021.
             Was a High Priest of Trog.
             Shot with an arrow by a centaur warrior (14 damage)
             ... in the Dungeon (Sprint IX: "|||||||||||||||||||||||||||||").
             The game lasted 00:00:58 (316 turns).

mhtbhm the Basher (Troll Berserker)                  Turns: 316, Time: 00:00:59

Health: -5/92      AC:  5    Str: 31    XL:     8   Next: 76%
Magic:  7/7        EV: 12    Int:  6    God:    Trog [*****.]
Gold:   0          SH:  0    Dex:  9    Spells: 7/7 levels left

rFire    . . .     SeeInvis .   a - +2 dire flail (protect)
rCold    . . .     Faith    .   (shield currently unavailable)
rNeg     . . .     Spirit   .   b - +0 animal skin
rPois    .         Reflect  .   (helmet restricted)
rElec    .         Harm     .   k - +0 cloak
rCorr    .         Rampage  .   (gloves unavailable)
Will     .....     NoTele   +   (boots unavailable)
Stlth    +.........             (no amulet)
HPRegen  1.25/turn              l - +3 ring of intelligence
MPRegen  0.10/turn              m - +3 ring of strength

@: berserk cooldown, slowed, very slow
A: large, unfitting armour, claws 3, regeneration 1, shaggy fur 1, tough skin 1
a: Renounce Religion, Berserk, Trog's Hand, Brothers in Arms


You were in the Dungeon.
You worshipped Trog.
Trog was extremely pleased with you.
You visited 1 branch

Inventory:

Hand Weapons
 a - a +2 dire flail of protection (weapon)
Armour
 b - a +0 animal skin (worn)
 k - a +0 cloak (worn)
Jewellery
 l - a +3 ring of intelligence (left claw)
 m - a +3 ring of strength (right claw)
Wands
 j - a wand of acid (9)
Scrolls
 h - 2 scrolls of blinking
Potions
 c - 5 potions of curing
 d - 2 potions of heal wounds
 e - a potion of haste
 f - 4 potions of magic
 g - a potion of berserk rage
 i - a potion of invisibility


   Skills:
 + Level 9.5 Fighting
 + Level 11.5 Maces & Flails
 + Level 9.5 Dodging
 + Level 0.3 Stealth


You had 7 spell levels left.
You didn't know any spells.
Your spell library was empty.

Dungeon Overview and Level Annotations

Branches:
Dungeon (1/1)

Altars:
Cheibriados
Dithmenos
Elyvilon
Fedhas
Gozag
Hepliaklqana
Kikubaaqudgha
Makhleb
Nemelex Xobeh
Okawaru
Qazlal
Ru
Sif Muna
Trog
Uskayaw
Vehumet
Wu Jian
Xom
Yredelemnul
Zin
The Shining One
Beogh
Jiyva
Lugonu


Innate Abilities, Weirdness & Mutations

You are too large for most types of armour.
You have claws for hands.
Your natural rate of healing is unusually fast.
You are covered in fur. (AC +1)
You have tough skin. (AC +1)


Message History

* * * LOW HITPOINT WARNING * * *
The centaur warrior kicks you.
* * * LOW HITPOINT WARNING * * *
The centaur warrior misses you. The centaur warrior barely misses you.
Your ogre goes berserk!
The centaur warrior hits you.
* * * LOW HITPOINT WARNING * * *
The centaur warrior closely misses you. The centaur warrior hits you.
* * * LOW HITPOINT WARNING * * *
The centaur warrior misses you.
Unknown command.
You swap places.
The centaur warrior wields a +0 shortbow.
The centaur warrior shoots an arrow.
The arrow hits your ogre!!
Your ogre hits the centaur warrior with a +0 giant spiked club.
The centaur warrior shoots an arrow.
The arrow hits your ogre!
Your ogre dies!
Your ogre's corpse disappears in a puff of smoke!
There is an open door, spattered with blood here.
You see here a +1 vorpal giant club.
Unknown command.
Aiming: Corrosive Bolt
Press: ? - help, Shift-Dir - straight line, f - centaur warrior
Aim: a centaur warrior, wielding a +0 shortbow and quivering arrows (moderately wounded, 21% to evade)
The bolt of acid hits the centaur warrior!
The centaur warrior is splashed with acid!
The acid corrodes the centaur warrior!
The centaur warrior is heavily wounded.
The bolt of acid hits the cyan ugly thing!
The cyan ugly thing is splashed with acid!
The acid corrodes the cyan ugly thing!
The cyan ugly thing is moderately wounded.
The bolt of acid hits the slime creature!
The slime creature is splashed with acid!
The acid corrodes the slime creature!
The slime creature is moderately wounded.
The centaur warrior shoots an arrow.
The arrow hits you!
* * * LOW HITPOINT WARNING * * *
The centaur warrior shoots an arrow.
The arrow hits you!
You die...

▓.▓
▓'▓
▓)▓
▓)▓
▓.▓
▓.▓
▓.▓
▓.▓
▓@▓
▓)▓
▓c▓
▓u▓
▓J▓
▓.▓
▓.▓
▓+▓


You could see a cyan ugly thing (corroded), a slime creature (corroded) and a
centaur warrior (corroded).

Vanquished Creatures
  A deep elf pyromancer (D)
  A kobold demonologist (D)
  A troll (D)
  A vampire (D)
  A wraith (D)
  An acid dragon (D)
  An ice beast (D)
  2 orc warriors (D)
  A necrophage (D)
  A gnoll sergeant (D)
  An adder (D)
  A jackal (D)
  3 kobolds (D)
  2 ball pythons (D)
  A quokka skeleton (D)
19 creatures vanquished.

Notes
Turn   | Place    | Note
-------+----------+-------------------------------------------
     0 | D        | mhtbhm the Troll Berserker began the quest for the Orb.
     0 | D        | Reached XP level 1. HP: 22/22 MP: 0/0
    11 | D        | Reached skill level 3 in Maces & Flails
    17 | D        | Reached ** piety under Trog
    32 | D        | Noticed a necrophage
    32 | D        | Noticed an ice beast
    39 | D        | Killed a necrophage
    40 | D        | Reached skill level 5 in Maces & Flails
    40 | D        | Reached XP level 2. HP: 33/33 MP: 1/1
    40 | D        | Reached XP level 3. HP: 40/40 MP: 2/2
    40 | D        | Reached XP level 4. HP: 49/49 MP: 3/3
    41 | D        | Reached *** piety under Trog
    52 | D        | Killed an ice beast
    53 | D        | Reached skill level 6 in Maces & Flails
    53 | D        | Reached skill level 5 in Dodging
    53 | D        | Reached XP level 5. HP: 36/59 MP: 4/4
    59 | D        | Found a snail-covered altar of Cheibriados.
    59 | D        | Found a shadowy altar of Dithmenos.
    59 | D        | Found a white marble altar of Elyvilon.
    59 | D        | Found a blossoming altar of Fedhas.
    59 | D        | Found an opulent altar of Gozag.
    60 | D        | Found a hazy altar of Hepliaklqana.
    61 | D        | Found a viscous altar of Jiyva.
    62 | D        | Found an ancient bone altar of Kikubaaqudgha.
    63 | D        | Found a corrupted altar of Lugonu.
    64 | D        | Found a burning altar of Makhleb.
    65 | D        | Found a sparkling altar of Nemelex Xobeh.
    66 | D        | Found an iron altar of Okawaru.
    67 | D        | Found a stormy altar of Qazlal.
    68 | D        | Found a sacrificial altar of Ru.
    69 | D        | Found a shimmering blue altar of Sif Muna.
    70 | D        | Found a bloodstained altar of Trog.
    71 | D        | Found a hide-covered altar of Uskayaw.
    72 | D        | Found a radiant altar of Vehumet.
    73 | D        | Found an ornate altar of the Wu Jian Council.
    74 | D        | Found a shimmering altar of Xom.
    75 | D        | Found a basalt altar of Yredelemnul.
    76 | D        | Found a glowing silver altar of Zin.
    77 | D        | Found a glowing golden altar of the Shining One.
   214 | D        | Noticed an acid dragon
   214 | D        | Noticed a troll
   214 | D        | Noticed an orc warrior
   214 | D        | Noticed an orc warrior
   214 | D        | Noticed a kobold demonologist
   220 | D        | Killed an acid dragon
   220 | D        | Reached **** piety under Trog
   221 | D        | Reached skill level 7 in Maces & Flails
   221 | D        | Reached XP level 6. HP: 68/68 MP: 5/5
   226 | D        | Reached skill level 8 in Maces & Flails
   229 | D        | Killed a troll
   230 | D        | Reached skill level 9 in Maces & Flails
   230 | D        | Reached XP level 7. HP: 79/79 MP: 6/6
   235 | D        | Noticed a hellwing
   246 | D        | Reached ***** piety under Trog
   249 | D        | Noticed a chaos spawn
   256 | D        | Killed a kobold demonologist
   257 | D        | Reached skill level 10 in Maces & Flails
   257 | D        | Reached XP level 8. HP: 48/89 MP: 7/7
   295 | D        | Noticed a deep elf pyromancer
   295 | D        | Noticed a centaur warrior
   295 | D        | Noticed a cyan ugly thing
   295 | D        | Noticed a slime creature
   309 | D        | Killed a deep elf pyromancer
   309 | D        | Received a gift from Trog
   310 | D        | Reached skill level 11 in Maces & Flails
   316 | D        | Shot with an arrow by a centaur warrior

Illustrated notes

Levels and vault maps discovered:
D:        linesprint [early_d, line_temple, items_1, d_10, items_2, lair_1,
          lair_end, items_3, orc_1, orc_end, items_4, d_15, swamp_1, shoals_1,
          snake_1, spider_1, d_20, vaults_1, items_5, swamp_end, shoals_end,
          snake_end, spider_end, vaults_end, d_27, items_6, zot_1, zot_end,
          crypt_end, forest_end, elf_end, slime_end, tomb_end, abyss_end,
          pan_hell_end]

Skill      XL: |  1  2  3  4  5  6  7  8 |
---------------+-------------------------+-----
Maces & Flails | 5 6 7 9 10 11 | 11.5
Fighting       | 4 6 7 8 9 |  9.5
Dodging        | 4 5 6 7 8 9 |  9.5
Stealth        | |  0.3

Action                   |  1- 3 |  4- 6 |  7- 9 || total
-------------------------+-------+-------+-------++-------
Melee: Mace              |    26 |    13 |       ||    39
       Dire flail        |       |    13 |    40 ||    53
Invok: Berserk           |     1 |     1 |     1 ||     3
       Brothers in Arms  |       |       |     1 ||     1
Evoke: Wand              |       |       |     1 ||     1
  Use: Potion            |       |       |     1 ||     1
Armor: Animal skin       |     6 |     7 |    14 ||    27
Dodge: Dodged            |    13 |    15 |    33 ||    61

Table legend: (Time is in decaauts)
 A = Elapsed time spent in this place.
 B = Non-inter-level travel time spent in this place.
 C = Inter-level travel time spent in this place.
 D = Time resting spent in this place.
 E = Time spent auto-exploring this place.
 F = Levels seen in this place.
 G = Mean time per level.
                   A        B        C        D        E       F      G
               +--------+--------+--------+--------+--------+-----+--------+
         Total |    330 |    330 |      0 |    132 |      3 |   1 |  330.0 |
       Dungeon |    330 |    330 |      0 |    132 |      3 |   1 |  330.0 |
               +--------+--------+--------+--------+--------+-----+--------+

Top non-repeatable levels by time:
       D: 330 daAuts
